ORI
UNIVERSITY OF CONNETICUT HUSKIES @ FLORIDA STATE UNIVERSITY SEMINOLES
10/22/2045
 
TOP OF THE 1ST
University of Conneticut Huskies batting - Pitching for Florida State University Seminoles : RHP Aaron McArdle
Pitching: RHP Aaron McArdle
Batting: LHB Jim Upson 0-0: Called Strike
0-1: Foul Ball, location: 2F
0-2: Foul Ball, location: 2F
0-2: Ball
1-2: Foul Ball, location: 2F
1-2: Ground out 4-3 (Groundball, 4, EV 100.0 MPH)
Batting: RHB Bill Stern 0-0: Fly out, F9 (Flyball, 89D, EV 97.5 MPH)
Batting: LHB Sergei Stefanov 0-0: Ball
1-0: Called Strike
1-1: Called Strike
1-2: DOUBLE (Flyball, 78D, EV 102.5 MPH)
Batting: LHB Bill Kovac 0-0: Ball
1-0: 2-RUN HOME RUN (Flyball, 8RXD, EV 116.2 MPH), Distance : 466 ft
Batting: RHB Hector Barajas 0-0: Foul Ball, location: 2F
0-1: Ball
1-1: Foul Ball, location: 2F
1-2: Strikes out swinging
Top of the 1st over - 2 runs, 2 hits, 0 errors, 0 left on base; University of Conneticut 2 - Florida State University 0
BOTTOM OF THE 1ST
Florida State University Seminoles batting - Pitching for University of Conneticut Huskies : RHP Victor Diaz
Pitching: RHP Victor Diaz
Batting: RHB Ray Johnson 0-0: Called Strike
0-1: Ball
1-1: Called Strike
1-2: SINGLE (Groundball, 6MD, EV 103.1 MPH)
Batting: RHB David Lucarelli 0-0: Called Strike
0-1: Ball
1-1: Ball
2-1: Foul Ball, location: 2F
2-2: Ball
3-2: Base on Balls
Ray Johnson to second
Batting: LHB Simon Barry 0-0: Ball
1-0: Ball
2-0: Called Strike
2-1: Ball
3-1: Foul Ball, location: 2F
3-2: Foul Ball, location: 2F
3-2: Base on Balls
Ray Johnson to third
David Lucarelli to second
Batting: RHB Juan Nieves 0-0: Ball
1-0: Swinging Strike
1-1: Foul Ball, location: 2F
1-2: SINGLE (Line Drive, 6M, EV 100.0 MPH)
Ray Johnson scores
David Lucarelli to third
Simon Barry to second
Batting: RHB Juan Mercado 0-0: Called Strike
0-1: Ball
1-1: Ball
2-1: Swinging Strike
2-2: Fielders Choice at 2nd, 6-4 (Groundball, 6M, EV 83.8 MPH)
David Lucarelli scores
Simon Barry to third
Batting: SHB Sammar Wambugu 0-0: Ball
1-0: Foul Ball, location: 2F
1-1: Ball
2-1: 3-RUN HOME RUN (Flyball, 9LD, EV 91.9 MPH), Distance : 349 ft
Batting: RHB Jonathan Bruni 0-0: Foul Ball, location: 2F
0-1: Ball
1-1: Ball
2-1: Ball
3-1: Base on Balls
Batting: RHB Matt Derry 0-0: Grounds into double play, 4-6-3 (Groundball, 4, EV 96.9 MPH)
Bottom of the 1st over - 5 runs, 3 hits, 0 errors, 0 left on base; University of Conneticut 2 - Florida State University 5
TOP OF THE 2ND
University of Conneticut Huskies batting - Pitching for Florida State University Seminoles : RHP Aaron McArdle
Batting: RHB Scott Webb 0-0: Called Strike
0-1: Swinging Strike
0-2: Ball
1-2: Ground out 3-1 (Groundball, 34, EV 98.8 MPH)
Batting: LHB Javy Rueda 0-0: Called Strike
0-1: Foul Ball, location: 2F
0-2: Strikes out swinging
Batting: RHB Alejandro Collazo 0-0: Swinging Strike
0-1: Ball
1-1: Ball
2-1: Ball
3-1: SINGLE (Line Drive, 4MD, EV 96.2 MPH)
Batting: RHB Alfredo Reguera 0-0: Called Strike
Alejandro Collazo steals 2nd base
0-1: Ball
1-1: Foul Ball, location: 2F
1-2: Reached on error, E6 (Groundball, 56, EV 83.1 MPH)
Alejandro Collazo scores
Batting: LHB Jim Upson 0-0: Ball
1-0: Ground out 5-3 (Groundball, 5, EV 77.5 MPH)
Top of the 2nd over - 1 run, 1 hit, 1 error, 1 left on base; University of Conneticut 3 - Florida State University 5
BOTTOM OF THE 2ND
Florida State University Seminoles batting - Pitching for University of Conneticut Huskies : RHP Victor Diaz
Batting: RHB John Hunt 0-0: Ball
1-0: Called Strike
1-1: Ball
2-1: Foul Ball, location: 2F
2-2: Ball
3-2: Foul Ball, location: 2F
3-2: Base on Balls
Batting: RHB Ray Johnson 0-0: Called Strike
0-1: Ball
1-1: Ball
2-1: Foul Ball, location: 2F
2-2: Ball
3-2: Foul Ball, location: 2F
3-2: Foul Ball, location: 2F
3-2: Base on Balls
John Hunt to second
Pitching: RHP Euan Irvine
Batting: RHB David Lucarelli 0-0: Ball
1-0: Called Strike
1-1: Ball
2-1: Ball
3-1: Base on Balls
John Hunt to third
Ray Johnson to second
Batting: LHB Simon Barry 0-0: Ball
1-0: Called Strike
1-1: Called Strike
1-2: Strikes out swinging
Batting: RHB Juan Nieves 0-0: SINGLE (Flyball, 9LS, EV 88.1 MPH)
John Hunt scores
Ray Johnson to third
David Lucarelli to second
Runner from 3rd tries for Home, throw by RF and OUT! 9-2
Batting: RHB Juan Mercado 0-0: Ball
1-0: Ball
2-0: Foul Ball, location: 2F
2-1: SINGLE (Groundball, 4MD, EV 103.1 MPH)
David Lucarelli to third
Juan Nieves to second
Runner from 3rd tries for Home, SAFE, throw by CF to home
Batting: SHB Sammar Wambugu 0-0: Called Strike
0-1: Swinging Strike
0-2: Strikes out looking
Bottom of the 2nd over - 2 runs, 2 hits, 0 errors, 2 left on base; University of Conneticut 3 - Florida State University 7
TOP OF THE 3RD
University of Conneticut Huskies batting - Pitching for Florida State University Seminoles : RHP Aaron McArdle
Batting: RHB Bill Stern 0-0: Called Strike
0-1: Ball
1-1: Ball
2-1: Foul Ball, location: 2F
2-2: Foul Ball, location: 2F
2-2: Foul Ball, location: 2F
2-2: Fly out, F9 (Line Drive, 9, EV 95.0 MPH)
Batting: LHB Sergei Stefanov 0-0: Ball
1-0: Fly out, F3 (Popup, 3SF, EV 81.2 MPH)
Batting: LHB Bill Kovac 0-0: Fly out, F7 (Flyball, 7, EV 90.0 MPH)
Top of the 3rd over - 0 runs, 0 hits, 0 errors, 0 left on base; University of Conneticut 3 - Florida State University 7
BOTTOM OF THE 3RD
Florida State University Seminoles batting - Pitching for University of Conneticut Huskies : RHP Euan Irvine
Batting: RHB Jonathan Bruni 0-0: Ball
1-0: Ball
2-0: Ball
3-0: Base on Balls
Batting: RHB Matt Derry 0-0: Ball
1-0: Fielders Choice at 2nd, 5-4 (Groundball, 56, EV 100.0 MPH)
Batting: RHB John Hunt 0-0: Called Strike
0-1: Swinging Strike
0-2: Ball
1-2: SINGLE (Line Drive, 8LS, EV 108.8 MPH)
Matt Derry to second
Batting: RHB Ray Johnson 0-0: Ball
1-0: SINGLE (Groundball, 56S, EV 73.1 MPH) (infield hit)
Matt Derry to third
John Hunt to second
Batting: RHB David Lucarelli 0-0: Called Strike
0-1: Called Strike
0-2: TRIPLE (Line Drive, 78XD, EV 106.2 MPH)
Matt Derry scores
John Hunt scores
Ray Johnson scores
Batting: LHB Simon Barry 0-0: Called Strike
0-1: Ball
1-1: Ball
2-1: Ball
3-1: Base on Balls
Batting: RHB Juan Nieves 0-0: Ball
1-0: Ball
2-0: SINGLE (Groundball, 4D, EV 95.0 MPH)
David Lucarelli scores
Simon Barry to second
Pitching: RHP Sherwood Abernethy
Batting: RHB Juan Mercado 0-0: Ball
1-0: SINGLE (Flyball, 8LS, EV 98.8 MPH)
Simon Barry to third
Juan Nieves to second
Runner from 3rd tries for Home, SAFE, throw by LF to home
Batting: SHB Sammar Wambugu 0-0: Ball
1-0: Ball
2-0: Fly out, F6 (Popup, 6, EV 75.0 MPH)
Batting: RHB Jonathan Bruni 0-0: Called Strike
0-1: Ball
1-1: Ball
2-1: Foul Ball, location: 2F
2-2: Foul Ball, location: 2F
2-2: Ball
3-2: Ground out 6-3 (Groundball, 6, EV 81.2 MPH)
Bottom of the 3rd over - 5 runs, 5 hits, 0 errors, 2 left on base; University of Conneticut 3 - Florida State University 12
TOP OF THE 4TH
University of Conneticut Huskies batting - Pitching for Florida State University Seminoles : RHP Aaron McArdle
Batting: RHB Hector Barajas 0-0: Called Strike
0-1: Ground out 4-3 (Groundball, P, EV 88.1 MPH)
Batting: RHB Scott Webb 0-0: Ground out U3 (Groundball, 3L, EV 90.0 MPH)
Batting: LHB Javy Rueda 0-0: Reached on error, E6 (Groundball, 6, EV 98.1 MPH)
Batting: RHB Alejandro Collazo 0-0: Called Strike
0-1: Called Strike
0-2: Ball
1-2: Strikes out swinging
Top of the 4th over - 0 runs, 0 hits, 1 error, 1 left on base; University of Conneticut 3 - Florida State University 12
BOTTOM OF THE 4TH
Florida State University Seminoles batting - Pitching for University of Conneticut Huskies : RHP Sherwood Abernethy
Batting: RHB Matt Derry 0-0: Ball
1-0: Ball
2-0: SINGLE (Groundball, 4D, EV 97.5 MPH)
Batting: RHB John Hunt 0-0: Called Strike
0-1: Swinging Strike
0-2: Fielders Choice at 2nd, 5-4 (Groundball, 56S, EV 81.2 MPH)
Batting: RHB Ray Johnson 0-0: Ball
Wild Pitch!
John Hunt to second
1-0: Ground out 2-3 (Groundball, 13S, EV 71.9 MPH)
John Hunt to third
Batting: RHB David Lucarelli 0-0: Ball
1-0: Ball
2-0: Ball
3-0: Base on Balls
Batting: LHB Simon Barry 0-0: Called Strike
0-1: Ball
1-1: Ground out 4-3 (Groundball, 4, EV 91.2 MPH)
Bottom of the 4th over - 0 runs, 1 hit, 0 errors, 2 left on base; University of Conneticut 3 - Florida State University 12
TOP OF THE 5TH
University of Conneticut Huskies batting - Pitching for Florida State University Seminoles : RHP Aaron McArdle
Batting: RHB Alfredo Reguera 0-0: Foul Ball, location: 2F
0-1: Ball
1-1: Swinging Strike
1-2: Strikes out looking
Batting: LHB Jim Upson 0-0: Called Strike
0-1: Called Strike
0-2: Ball
1-2: Fly out, F6 (Popup, 6M, EV 51.2 MPH)
Batting: RHB Bill Stern 0-0: Foul Ball, location: 2F
0-1: DOUBLE (Groundball, 3D, EV 101.2 MPH)
Batting: LHB Sergei Stefanov 0-0: Foul Ball, location: 2F
0-1: Swinging Strike
0-2: Foul Ball, location: 2F
0-2: Ball
1-2: Strikes out swinging
Top of the 5th over - 0 runs, 1 hit, 0 errors, 1 left on base; University of Conneticut 3 - Florida State University 12
BOTTOM OF THE 5TH
Florida State University Seminoles batting - Pitching for University of Conneticut Huskies : RHP Sherwood Abernethy
Batting: RHB Juan Nieves 0-0: Ball
1-0: Called Strike
1-1: Foul Ball, location: 2F
1-2: Ball
2-2: Ball
3-2: Foul Ball, location: 2F
3-2: DOUBLE (Line Drive, 7LM, EV 111.9 MPH)
Batting: RHB Juan Mercado 0-0: Called Strike
0-1: Fly out, F8 (Line Drive, 8RD, EV 89.4 MPH)
Batting: SHB Sammar Wambugu 0-0: Foul Ball, location: 2F
0-1: Ball
1-1: DOUBLE (Line Drive, 5D, EV 98.1 MPH)
Juan Nieves scores
Batting: RHB Jonathan Bruni 0-0: Ball
1-0: SINGLE (Groundball, 4S, EV 98.1 MPH)
Sammar Wambugu to third
Runner from 3rd tries for Home, throw by CF and OUT! 8-2
Batting: RHB Matt Derry 0-0: Swinging Strike
0-1: Ball
1-1: Ground out U3 (Groundball, 3S, EV 79.4 MPH)
Bottom of the 5th over - 1 run, 3 hits, 0 errors, 1 left on base; University of Conneticut 3 - Florida State University 13
TOP OF THE 6TH
University of Conneticut Huskies batting - Pitching for Florida State University Seminoles : RHP Aaron McArdle
Pitching: RHP Bao-qing Yei
Batting: LHB Bill Kovac 0-0: Ball
1-0: Called Strike
1-1: Swinging Strike
1-2: Strikes out swinging
Batting: RHB Hector Barajas 0-0: Ball
1-0: Called Strike
1-1: Called Strike
1-2: Strikes out swinging
Batting: RHB Scott Webb 0-0: Called Strike
0-1: Fly out, F8 (Flyball, 89M, EV 91.9 MPH)
Top of the 6th over - 0 runs, 0 hits, 0 errors, 0 left on base; University of Conneticut 3 - Florida State University 13
BOTTOM OF THE 6TH
Florida State University Seminoles batting - Pitching for University of Conneticut Huskies : RHP Sherwood Abernethy
Batting: RHB John Hunt 0-0: Ball
1-0: Ball
2-0: Called Strike
2-1: Ground out 5-3 (Groundball, 5, EV 86.2 MPH)
Batting: RHB Ray Johnson 0-0: Ball
1-0: Ball
2-0: Ball
3-0: Called Strike
3-1: SINGLE (Groundball, 56, EV 105.0 MPH) (infield hit)
Pitching: RHP Sung-jae Choo
Batting: RHB David Lucarelli 0-0: Foul Ball, location: 2F
0-1: Ball
1-1: 2-RUN HOME RUN (Flyball, 78XD, EV 103.8 MPH), Distance : 407 ft
Batting: LHB Simon Barry 0-0: Ball
1-0: Fly out, F7 (Flyball, 7, EV 90.0 MPH)
Batting: RHB Juan Nieves 0-0: Ball
1-0: SOLO HOME RUN (Flyball, 78XD, EV 100.6 MPH), Distance : 387 ft
Batting: RHB Juan Mercado 0-0: Ball
1-0: Ball
2-0: Called Strike
2-1: Ball
3-1: DOUBLE (Line Drive, 89D, EV 104.4 MPH)
Batting: SHB Sammar Wambugu 0-0: Swinging Strike
0-1: Foul Ball, location: 2F
0-2: Fly out, F4 (Popup, 34D, EV 57.5 MPH)
Bottom of the 6th over - 3 runs, 4 hits, 0 errors, 1 left on base; University of Conneticut 3 - Florida State University 16
TOP OF THE 7TH
University of Conneticut Huskies batting - Pitching for Florida State University Seminoles : RHP Bao-qing Yei
Batting: LHB Javy Rueda 0-0: Called Strike
0-1: Called Strike
0-2: Strikes out swinging
Batting: RHB Alejandro Collazo 0-0: Swinging Strike
0-1: DOUBLE (Groundball, 5L, EV 95.6 MPH)
Batting: RHB Alfredo Reguera 0-0: Foul Ball, location: 2F
0-1: Reached on error, E6 (Groundball, 6M, EV 106.9 MPH)
Alejandro Collazo to third
Batting: LHB Jim Upson 0-0: Ball
1-0: Ball
2-0: Reached via error on a dropped throw from 2B, E6 (Groundball, 4M, EV 107.5 MPH)
Alejandro Collazo scores
Alfredo Reguera to second
Batting: RHB Bill Stern 0-0: Called Strike
0-1: Called Strike
0-2: Ball
1-2: Foul Ball, location: 2F
1-2: Ball
2-2: Fielders Choice at 2nd, 3-6 (Groundball, 34, EV 80.6 MPH)
Alfredo Reguera to third
Batting: LHB Sergei Stefanov 0-0: Ball
1-0: Ball
2-0: Ball
3-0: Called Strike
3-1: Foul Ball, location: 2F
3-2: Foul Ball, location: 2F
3-2: Foul Ball, location: 2F
3-2: Foul Ball, location: 2F
3-2: Base on Balls
Bill Stern to second
Batting: LHB Bill Kovac 0-0: Called Strike
0-1: Ground out 4-3 (Groundball, 4, EV 78.1 MPH)
Top of the 7th over - 1 run, 1 hit, 2 errors, 3 left on base; University of Conneticut 4 - Florida State University 16
BOTTOM OF THE 7TH
Florida State University Seminoles batting - Pitching for University of Conneticut Huskies : RHP Sung-jae Choo
Batting: RHB Jonathan Bruni 0-0: Reached via error on a dropped throw from 3B, E3 (Groundball, 5, EV 105.0 MPH)
Batting: RHB Matt Derry 0-0: Ball
1-0: Foul Ball, location: 2F
1-1: SINGLE (Groundball, 6M, EV 106.9 MPH) (infield hit)
Jonathan Bruni to second
Batting: RHB John Hunt 0-0: Swinging Strike
0-1: Called Strike
0-2: Reached on error, E5 (Groundball, 5, EV 93.8 MPH)
Jonathan Bruni to third
Matt Derry to second
Batting: RHB Ray Johnson 0-0: Called Strike
0-1: DOUBLE (Flyball, 8RXD, EV 115.6 MPH)
Jonathan Bruni scores
Matt Derry scores
John Hunt to third
Pitching: RHP Gustavo Garza
Batting: RHB David Lucarelli 0-0: Called Strike
0-1: Ball
1-1: Swinging Strike
1-2: Foul Ball, location: 2F
1-2: Ball
2-2: Fly out, F6 (Line Drive, 6, EV 66.2 MPH)
Batting: LHB Simon Barry 0-0: Ball
1-0: Ball
2-0: Called Strike
2-1: Called Strike
2-2: SINGLE (Flyball, 7LS, EV 84.4 MPH)
John Hunt scores
Ray Johnson to third
Runner from 3rd tries for Home, SAFE, throw by LF to home
Batting: RHB Juan Nieves 0-0: Ball
1-0: Ball
2-0: Foul Ball, location: 2F
2-1: Fly out, F9 (Flyball, 9D, EV 97.5 MPH)
Batting: RHB Juan Mercado 0-0: DOUBLE (Flyball, 9LD, EV 105.6 MPH)
Simon Barry to third
Runner from 3rd tries for Home, SAFE, throw by RF to home
Batting: SHB Sammar Wambugu 0-0: Ball
1-0: Ball
2-0: Called Strike
2-1: Swinging Strike
2-2: Ball
3-2: Foul Ball, location: 2F
3-2: Base on Balls
Batting: RHB Jonathan Bruni 0-0: Called Strike
0-1: Fly out, F8 (Flyball, 78D, EV 98.8 MPH)
Bottom of the 7th over - 5 runs, 4 hits, 2 errors, 2 left on base; University of Conneticut 4 - Florida State University 21
TOP OF THE 8TH
University of Conneticut Huskies batting - Pitching for Florida State University Seminoles : RHP Bao-qing Yei
Batting: RHB Hector Barajas 0-0: Ball
1-0: Ball
2-0: Foul Ball, location: 2F
2-1: Foul Ball, location: 2F
2-2: Foul Ball, location: 2F
2-2: Ball
3-2: Foul Ball, location: 2F
3-2: Foul Ball, location: 2F
3-2: Fly out, F9 (Flyball, 9S, EV 80.6 MPH)
Pitching: RHP Rodrigo Lovato
Batting: RHB Scott Webb 0-0: Ground out 1-3 (Groundball, 13S, EV 71.2 MPH)
Batting: LHB Javy Rueda 0-0: Swinging Strike
0-1: Ground out 4-3 (Groundball, 4, EV 96.9 MPH)
Top of the 8th over - 0 runs, 0 hits, 0 errors, 0 left on base; University of Conneticut 4 - Florida State University 21
BOTTOM OF THE 8TH
Florida State University Seminoles batting - Pitching for University of Conneticut Huskies : RHP Gustavo Garza
Batting: RHB Matt Derry 0-0: Ball
1-0: Called Strike
1-1: Called Strike
1-2: Fly out, F8 (Line Drive, 8LD, EV 93.8 MPH)
Batting: RHB John Hunt 0-0: Ground out 4-3 (Groundball, 4, EV 97.5 MPH)
Batting: RHB Ray Johnson 0-0: Called Strike
0-1: Swinging Strike
0-2: Foul Ball, location: 2F
0-2: Ball
1-2: SINGLE (Groundball, 5S, EV 73.8 MPH) (infield hit)
Batting: RHB David Lucarelli 0-0: Ball
1-0: Ball
2-0: Fly out, F4 (Line Drive, 4, EV 66.2 MPH)
Bottom of the 8th over - 0 runs, 1 hit, 0 errors, 1 left on base; University of Conneticut 4 - Florida State University 21
TOP OF THE 9TH
University of Conneticut Huskies batting - Pitching for Florida State University Seminoles : RHP Rodrigo Lovato
Batting: RHB Alejandro Collazo 0-0: Ball
1-0: Ball
2-0: SOLO HOME RUN (Flyball, 9D, EV 93.8 MPH), Distance : 377 ft
Batting: RHB Alfredo Reguera 0-0: Called Strike
0-1: Swinging Strike
0-2: Strikes out looking
Batting: LHB Jim Upson 0-0: Ball
1-0: Ball
2-0: Ball
3-0: Called Strike
3-1: Base on Balls
Batting: RHB Bill Stern 0-0: Ball
1-0: Foul Ball, location: 2F
1-1: Foul Ball, location: 2F
1-2: Foul Ball, location: 2F
1-2: Fly out, F7 (Flyball, 78S, EV 92.5 MPH)
Pinch Hitting: RHB Juan Vasquez 0-0: Ball
1-0: Ball
2-0: Called Strike
2-1: Ball
3-1: Base on Balls
Jim Upson to second
Batting: LHB Bill Kovac 0-0: Ball
1-0: Ball
2-0: Swinging Strike
2-1: Ball
3-1: Foul Ball, location: 2F
3-2: Base on Balls
Jim Upson to third
Juan Vasquez to second
Pinch Hitting: RHB Adrian Segovia 0-0: Fielders Choice at 2nd, 6-4 (Groundball, 6, EV 110.6 MPH)
Top of the 9th over - 1 run, 1 hit, 0 errors, 3 left on base; University of Conneticut 5 - Florida State University 21
Wednesday, June 22nd , 2022 - OOTP Baseball 23.4 Build 64